 Dungeon Crawl Stone Soup version 0.29-a0-598-gd8304a5bf4 (webtiles) character file.

Game seed: 2137387852432406867

32 YayAnonymity the Shield-Bearer (level 3, -1/30 HPs)
             Began as a Formicid Fighter on June 16, 2022.
             Slain by Sigmund
             ... wielding a +2 scythe of protection
              (6 damage)
             ... on level 2 of the Dungeon.
             The game lasted 00:01:21 (897 turns).

YayAnonymity the Shield-Bearer (Formicid Fighter)    Turns: 897, Time: 00:01:21

Health: -1/30      AC: 10    Str: 22    XL:     3   Next: 42%
Magic:  3/3        EV:  9    Int:  7    God:
Gold:   74         SH:  5    Dex: 13    Spells: 2/2 levels left

rFire   . . .      SeeInvis +   a - +0 war axe
rCold   . . .      Faith    .   c - +0 buckler
rNeg    . . .      Spirit   .   b - +0 scale mail
rPois   .          Reflect  .   (helmet unavailable)
rElec   .          Harm     .   l - +2 cloak
rCorr   .          Rampage  .   (no gloves)
Will    .....                   (no boots)
Stlth   ..........              (no amulet)
HPRegen 0.10/turn               (no ring)
MPRegen 0.08/turn               (no ring)

@: no status effects
A: permanent stasis, dig shafts and tunnels, antennae 3, four strong arms
a: Dig, Shaft Self


You were on level 2 of the Dungeon.
You visited 1 branch of the dungeon, and saw 2 of its levels.

You collected 74 gold pieces.

Inventory:

Hand Weapons
 a - a +0 war axe (weapon)
Armour
 b - a +0 scale mail (worn)
 c - a +0 buckler (worn)
 l - a +2 cloak (worn)
Scrolls
 e - 2 scrolls of identify {unknown}
 g - a scroll of fear {unknown}
 h - a scroll of teleportation {unknown}
 i - a scroll of blinking {unknown}
 j - a scroll of enchant weapon {unknown}
 k - a scroll of amnesia {unknown}
Potions
 d - 2 potions of might
 f - a potion of flight {unknown}


   Skills:
 + Level 3.7 Fighting
 * Level 2.9 Axes
 - Level 3.2 Armour
 + Level 4.4 Shields


You had 2 spell levels left.
You didn't know any spells.
Your spell library was empty.

Dungeon Overview and Level Annotations

Branches:
Dungeon (2/15)

Altars:

Annotations:
D:2 Sigmund


Innate Abilities, Weirdness & Mutations

You cannot be hasted, slowed, berserked, paralysed or teleported.
You can dig through walls and to a lower floor.
You have a pair of large antennae on your head. (SInv)
Your four strong arms can wield two-handed weapons with a shield.


Message History

Sigmund flickers and vanishes for a moment.
The hobgoblin hits you. Sigmund gestures at you while chanting.
The puff of flame hits you. The hobgoblin closely misses you.
You barely miss the hobgoblin. Sigmund gestures at you while chanting.
You resist with some effort. The hobgoblin closely misses you.
You completely miss the hobgoblin.
Sigmund hits you from afar with a +2 scythe of protection.
The hobgoblin barely misses you.
The hobgoblin hits you but does no damage.
You block Sigmund's attack.
You closely miss Sigmund. You hit the hobgoblin.
You kill the hobgoblin!
Sigmund closely misses you.
You hit Sigmund.
Sigmund is lightly wounded.
Sigmund closely misses you.
You closely miss Sigmund.
Sigmund is lightly wounded.
You block Sigmund's attack.
You hit Sigmund.
Sigmund is moderately wounded.
Sigmund hits you with a +2 scythe of protection.
You closely miss Sigmund.
Sigmund is moderately wounded.
You barely miss Sigmund.
Sigmund is moderately wounded.
Sigmund barely misses you.
You barely miss Sigmund.
Sigmund is moderately wounded.
Sigmund gestures at you while chanting. The magic dart hits you.
* * * LOW HITPOINT WARNING * * *
Sigmund hits you with a +2 scythe of protection.
* * * LOW HITPOINT WARNING * * *
You hit Sigmund.
Sigmund is heavily wounded.
Sigmund hits you with a +2 scythe of protection.
You die...

#.## #########....
#######<.###............
.............#######...>
#######..##### #####
#..# #..# #..## #.†.#
#@#.# #@#.# #.#.# #.#.#
#.#.# #.#.# #.#.# ..#


You could see Sigmund (invisible).

Vanquished Creatures
  A dart slug (D:1)
  6 bats (D:1)
  A giant cockroach (D:1)
  4 goblins
  2 hobgoblins
  5 quokkas (D:1)
  2 ball pythons (D:1)
  A frilled lizard (D:1)
  5 rats (D:1)
27 creatures vanquished.

Notes
Turn   | Place    | Note
-------+----------+-------------------------------------------
     0 | D:1      | YayAnonymity the Formicid Fighter began the quest for the
                  | Orb.
     0 | D:1      | Reached XP level 1. HP: 18/18 MP: 1/1
   179 | D:1      | Reached XP level 2. HP: 20/24 MP: 2/2
   413 | D:1      | Reached XP level 3. HP: 25/29 MP: 3/3
   882 | D:2      | Noticed Sigmund
   897 | D:2      | Slain by Sigmund

Illustrated notes

Levels and vault maps discovered:
D:1:      dpeg_arrival_three_bigger_balls, layout_basic
D:2:      minmay_door_path, layout_rooms, grunt_decor_one_mirror,
          minmay_octomino_e4, uniq_sigmund

Action                   || total
-------------------------++-------
Melee: War axe           ||    89
Armor: Scale mail        ||    67
Dodge: Dodged            ||    54
Block: Buckler           ||    33

Table legend: (Time is in decaauts)
 A = Elapsed time spent in this place.
 B = Non-inter-level travel time spent in this place.
 C = Inter-level travel time spent in this place.
 D = Time resting spent in this place.
 E = Time spent auto-exploring this place.
 F = Levels seen in this place.
 G = Mean time per level.
                   A        B        C        D        E       F      G
               +--------+--------+--------+--------+--------+-----+--------+
         Total |    933 |    876 |     57 |      0 |    671 |   2 |  466.5 |
       Dungeon |    933 |    876 |     57 |      0 |    671 |   2 |  466.5 |
               +--------+--------+--------+--------+--------+-----+--------+

Top non-repeatable levels by time:
     D:1: 888 daAuts
     D:2: 44 daAuts
